 Dungeon Sprint DCSS version 0.17-a0-1301-ga863c44 (webtiles) character file.

1178 Kidiri the Covert (level 8, -6/44 HPs)
             Began as a Spriggan Assassin on June 7, 2015.
             Mangled by a yaktaur captain (23 damage)
             ... in the Dungeon (Sprint II: "The Violet Keep of Menkaure").
             The game lasted 00:12:38 (827 turns).

Kidiri the Covert (Spriggan Assassin)                Turns: 827, Time: 00:12:38

Health: -6/44      AC:  0    Str:  7    XL:     8   Next: 18%
Magic:  20/20      EV: 23    Int: 12    God:
Gold:   72         SH:  0    Dex: 20    Spells: 5 memorised, 1 level left

rFire  . . .     SeeInvis +     (weapon currently unavailable)
rCold  . . .     Clarity  .     (armour currently unavailable)
rNeg   . . .     SustAt   .     (shield currently unavailable)
rPois  .         Gourm    .     (helmet currently unavailable)
rElec  .         Spirit   .     (cloak currently unavailable)
rCorr  .         Warding  .     (gloves unavailable)
rMut   .         NoTele   +     (boots unavailable)
MR     +....                    (no amulet)
Stlth  ++........               (ring currently unavailable)
                                (ring currently unavailable)

@: pig-form, glowing, very quick, somewhat resistant to hostile enchantments,
unstealthy
A: unfitting armour, see invisible, herbivore 3, (speed 0), slow metabolism 2
a: no special abilities


You were in the Dungeon.
You were not hungry.
You were a filthy swine.
You visited 1 branch You collected 972 gold pieces.
You spent 900 gold pieces at shops.

Inventory:

Hand weapons
 a - a +2 dagger (melded)
 b - a +0 blowgun
Missiles
 e - 7 poisoned needles
Armour
 c - a +0 robe (melded)
 d - a +0 cloak (melded)
Scrolls
 m - a scroll of blinking
 n - a scroll of immolation {unknown}
Potions
 h - a potion of curing
 i - a potion of heal wounds
 j - a potion of haste
 k - 2 potions of magic
 l - a potion of berserk rage
Books
 o - a book of Burglary

   Spells                             Type                      Level
   a - Swiftness                      Charms/Air                   2
   b - Passwall                       Transmutation/Earth          3
   c - Passage of Golubria            Translocation                4
   d - Lee's Rapid Deconstruction     Earth                        5
   e - Invisibility                   Hexes                        6
   f - Darkness                       Hexes                        7
Comestibles
 g - a bread ration


   Skills:
 + Level 5.4 Fighting
 * Level 10.2 Short Blades
 + Level 7.4 Throwing
 + Level 9.3 Dodging
 * Level 14.5 Stealth
 * Level 7.4 Spellcasting
 + Level 0.0 Hexes
 + Level 0.0 Charms
 + Level 0.0 Translocations
 + Level 0.0 Transmutations
 + Level 0.0 Air Magic
 + Level 0.0 Earth Magic


You had one spell level left.
You knew the following spells:

 Your Spells              Type           Power        Failure   Level  Hunger
a - Swiftness             Chrm/Air       #.......     28%         2    #......
b - Passwall              Trmt/Erth      #.........   56%         3    ###....
c - Passage of Golubria   Tloc           N/A          99%         4    ####...
d - Lee's Rapid Deconstr  Erth           #.........   100%        5    ######.
e - Invisibility          Hex            #.......     100%        6    #######


Dungeon Overview and Level Annotations

Branches:
Dungeon (1/1)

Altars:

Shops:
D !:!:}=[:?!%[[(==

Annotations:
D exclusion: oklob plant, Kirke


Innate Abilities, Weirdness & Mutations

You are tiny and cannot use many weapons and most armour.
You have supernaturally acute eyesight.
You are a herbivore.
((You cover ground extremely quickly.))
You need consume almost no food.


Message History

Your +0 cloak melds into your body.
Your +0 robe melds into your body.
Really attack barehanded? [Y]es or [N]o only, please.
Really attack barehanded? [Y]es or [N]o only, please.
Really attack barehanded?
Okay, then.
There are monsters nearby!
Really attack barehanded?
You hit Kirke.
Kirke is lightly wounded.
The quasit misses you. The quasit barely misses you. The quasit misses you.
The quasit barely misses you. The quasit misses you.
The quasit closely misses you.
Kirke splashes around in the water.
You hit Kirke.
Kirke is moderately wounded.
The yaktaur captain unwields an uncursed arbalest.
The yaktaur captain hits you!!
Ouch! That really hurt!
You die...

####+#### ##§§§§;§§##
##;§§;§§§;§## ###
+;§§≈≈§§§§§≈#
#...####§≈≈§≈;;§§ #$....5##
≈≈≈≈≈
############cY#+++#+++##
###########(zKch.......#
##.∩.∩....#≈≈5@5##'##..#
##..∩.∩...#≈≈≈≈###.###.####
##...∩.∩..#≈≈≈≈#..#..#....#
##....∩.⌠.#≈≈####.#.####..##
##...∩.∩..#≈##.###'###.##..#
##..∩.∩...#≈#...##.##.#.#..#
##.∩.∩....+≈'###'.<.'.##+*.#
##∩.∩.....#≈#...##.##..##*..


You could see Kirke (invisible), a yaktaur captain, an elephant, a skeletal
warrior, a centaur warrior, a kobold demonologist, a quasit, a shadow imp and an
ufetubus.

Vanquished Creatures
  2 boulder beetles (D)
  4 necrophages (D)
  A crocodile (D)
  4 brain worms (D)
  A scorpion (D)
  4 worker ants (D)
16 creatures vanquished.

Vanquished Creatures (others)
  4 tentacles (D)
  12 tentacle segments (D)
16 creatures vanquished.

Grand Total: 32 creatures vanquished

Notes
Turn   | Place    | Note
--------------------------------------------------------------
     0 | D        | Kidiri the Spriggan Assassin began the quest for the Orb.
     0 | D        | Reached XP level 1. HP: 10/10 MP: 2/2
     1 | D        | Noticed a worker ant
     1 | D        | Noticed a worker ant
     1 | D        | Noticed a worker ant
     1 | D        | Noticed a worker ant
     4 | D        | Killed a worker ant
     4 | D        | Reached skill level 7 in Stealth
     4 | D        | Reached XP level 2. HP: 13/15 MP: 3/6
     5 | D        | Killed a worker ant
     5 | D        | Reached skill level 8 in Stealth
     5 | D        | Reached XP level 3. HP: 15/19 MP: 3/7
    11 | D        | Killed a worker ant
    11 | D        | Reached XP level 4. HP: 18/23 MP: 3/9
    13 | D        | Killed a worker ant
    13 | D        | Reached skill level 5 in Short Blades
    13 | D        | Reached skill level 9 in Stealth
    86 | D        | Noticed a boulder beetle
    86 | D        | Noticed a boulder beetle
    90 | D        | Noticed a brain worm
    90 | D        | Noticed a brain worm
    90 | D        | Noticed a brain worm
    90 | D        | Noticed a brain worm
   108 | D        | Killed a brain worm
   108 | D        | Reached skill level 5 in Dodging
   108 | D        | Reached skill level 10 in Stealth
   108 | D        | Reached XP level 5. HP: 19/28 MP: 9/12
   120 | D        | Killed a brain worm
   120 | D        | Reached skill level 5 in Throwing
   140 | D        | Lost intelligence.
   149 | D        | Killed a brain worm
   149 | D        | Reached skill level 11 in Stealth
   149 | D        | Reached skill level 5 in Spellcasting
   149 | D        | Reached XP level 6. HP: 5/33 MP: 12/14
   159 | D        | Killed a brain worm
   159 | D        | Reached skill level 12 in Stealth
   355 | D        | Killed a boulder beetle
   355 | D        | Reached XP level 7. HP: 36/38 MP: 15/17
   361 | D        | Killed a boulder beetle
   361 | D        | Reached skill level 13 in Stealth
   368 | D        | Noticed a necrophage
   368 | D        | Noticed a necrophage
   368 | D        | Noticed a necrophage
   368 | D        | Noticed a necrophage
   371 | D        | Killed a necrophage
   371 | D        | Reached skill level 5 in Fighting
   372 | D        | Killed a necrophage
   375 | D        | Killed a necrophage
   375 | D        | Reached skill level 14 in Stealth
   376 | D        | Killed a necrophage
   376 | D        | Reached skill level 10 in Short Blades
   376 | D        | Reached XP level 8. HP: 41/43 MP: 19/19
   500 | D        | Noticed an electric eel
   500 | D        | Noticed an electric eel
   500 | D        | Noticed an electric eel
   501 | D        | Noticed an electric eel
   501 | D        | Noticed an electric eel
   502 | D        | Noticed an electric eel
   502 | D        | Noticed an electric eel
   502 | D        | Noticed a crocodile
   505 | D        | Killed a crocodile
   520 | D        | Noticed an obsidian statue
   526 | D        | Noticed a kraken
   535 | D        | Found Munn's Jewellery Emporium.
   537 | D        | Found Ceony's Antique Weapon Emporium.
   537 | D        | Found Diskir's Antique Armour Shoppe.
   538 | D        | Found Duphask's Food Emporium.
   538 | D        | Found Toothrav's Distillery.
   539 | D        | Noticed a scorpion
   541 | D        | Killed a scorpion
   550 | D        | Found Keixt's Jewellery Shoppe.
   550 | D        | Found Werch's Magic Scroll Emporium.
   551 | D        | Found Xyxieg's Antique Armour Emporium.
   551 | D        | Found Geeroppe's Jewellery Shoppe.
   552 | D        | Found Nufoaffucsoy's Antique Armour Emporium.
   552 | D        | Found Impess's Gadget Shoppe.
   553 | D        | Found Wetear's Book Shoppe.
   555 | D        | Noticed a fire dragon
   556 | D        | Found Jonafok's Book Shoppe.
   556 | D        | Found Baruah's Distillery.
   556 | D        | Noticed an oklob plant
   557 | D        | Found Itiomem's Distillery.
   557 | D        | Found Otawo's Book Shoppe.
   559 | D        | Noticed a wyvern
   585 | D        | Noticed a slime creature
   591 | D        | Noticed a wyvern
   592 | D        | Noticed a slime creature
   594 | D        | Noticed a slime creature
   615 | D        | Bought a book of Burglary for 900 gold pieces
   618 | D        | Learned a level 2 spell: Swiftness
   622 | D        | Learned a level 3 spell: Passwall
   627 | D        | Learned a level 4 spell: Passage of Golubria
   633 | D        | Learned a level 5 spell: Lee's Rapid Deconstruction
   640 | D        | Learned a level 6 spell: Invisibility
   669 | D        | Noticed Kirke
   669 | D        | Noticed a yaktaur captain
   669 | D        | Noticed a kobold demonologist
   672 | D        | Noticed an electric eel
   802 | D        | Noticed an elephant
   802 | D        | Noticed a centaur warrior
   802 | D        | Noticed a skeletal warrior
   808 | D        | Noticed a griffon
   827 | D        | Mangled by a yaktaur captain

Vault maps used:
D:        the_violet_keep_of_menkaure

Action                   |  1- 3 |  4- 6 |  7- 9 || total
-------------------------+-------+-------+-------++-------
Melee: Dagger            |     3 |    59 |    20 ||    82
       Unarmed           |       |       |     2 ||     2
 Fire: Blowgun           |       |       |     3 ||     3
 Stab: Sleeping          |     3 |     2 |     7 ||    12
